 Dungeon Crawl Stone Soup version 0.28.0-45-g0d030f2227 (webtiles) character file.

Game seed: 2408106121434622956

1722 NinjaNoafa the Grave Robber (level 8, -1/62 HPs)
             Began as a Demonspawn Abyssal Knight on Apr 2, 2022.
             Was a Priest of Lugonu.
             Slain by an adder (2 damage)
             ... on level 6 of the Dungeon.
             The game lasted 00:50:26 (6084 turns).

NinjaNoafa the Grave Robber (DsAK)                  Turns: 6084, Time: 00:50:27

Health: -1/62      AC:  6    Str: 14    XL:     8   Next: 75%
Magic:  14/14      EV: 16    Int: 19    God:    Lugonu [***...]
Gold:   369        SH:  5    Dex: 14    Spells: 12/16 levels left

rFire   + . .      SeeInvis .   r - +10 whip of Emmuuw {vorpal, rF+ rCorr Stlth+}
rCold   . . .      Faith    .   (no shield)
rNeg    . . .      Spirit   .   w - +1 robe
rPois   .          Reflect  +   (no helmet)
rElec   .          Harm     .   (no cloak)
rCorr   +          Rampage  .   (no gloves)
Will    .....                   (no boots)
Stlth   +++.......              g - amulet of reflection
HPRegen 0.20/turn               h - +4 ring of evasion
MPRegen 0.14/turn               y - +6 ring of intelligence

@: about to teleport
A: yellow scales 2, demonic guardian 1, powered by death 1, demonic touch 1
a: Renounce Religion, Depart the Abyss, Bend Space, Banish


You were on level 6 of the Dungeon.
You worshipped Lugonu.
Lugonu was most pleased with you.
You visited 1 branch of the dungeon, and saw 6 of its levels.
You visited the Abyss 1 time.

You collected 369 gold pieces.

Inventory:

Hand Weapons
 a - a +1 falchion
 e - a +2 dagger of venom
 m - a +4 halberd
 p - the +3 Elemental Staff {rElec rF++ rC++ AC+5}
   (You found it on level 6 of the Dungeon)

   If the wielder is skilled in Evocations, they can discharge powerful blasts
   of elemental energy when striking with it.
   It enhances your fire, ice, earth and air magic.
   AC:        It affects your AC (+5).
   rF:        It greatly protects you from fire.
   rC:        It greatly protects you from cold.
   rElec:     It insulates you from electricity.
 r - the +10 whip of Emmuuw (weapon) {vorpal, rF+ rCorr Stlth+}
   (You found it on level 6 of the Dungeon)

   It inflicts extra damage upon your enemies.
   rF:        It protects you from fire.
   rCorr:     It protects you from acid and corrosion.
   Stlth:     It makes you more stealthy.
 t - a +1 long sword of holy wrath
 v - a +0 mace of draining
 E - a +0 short sword of speed
 F - the +4 rapier "Rubid" {vorpal, rC+ Dex+3}
   (You found it on level 6 of the Dungeon)

   It inflicts extra damage upon your enemies.
   Dex:       It affects your dexterity (+3).
   rC:        It protects you from cold.
Missiles
 c - 189 stones
 i - 5 atropa-tipped darts
 q - 8 poisoned darts
 A - 5 javelins
Armour
 b - a +0 leather armour
 w - a +1 robe (worn)
Jewellery
 g - an amulet of reflection (around neck)
 h - a +4 ring of evasion (left hand)
 l - a ring of ice
 y - a +6 ring of intelligence (right hand)
Wands
 x - a wand of paralysis (6) (quivered)
Scrolls
 j - 2 scrolls of teleportation
 o - 3 scrolls of blinking
 s - a scroll of magic mapping {unknown}
 u - a scroll of vulnerability {unknown}
Potions
 d - 2 potions of curing
 f - 3 potions of invisibility
 k - a potion of lignification
 n - a potion of haste {unknown}
 z - a potion of heal wounds
 B - a potion of brilliance
 C - 3 potions of attraction
 D - a potion of mutation {unknown}
 G - a potion of resistance {unknown}


   Skills:
 - Level 5.0 Fighting
 - Level 2.7(3.0) Short Blades
 - Level 1.9(2.6) Long Blades
 * Level 2.8 Maces & Flails
 - Level 4.0 Armour
 - Level 1.3 Dodging
 - Level 1.0 Stealth
 * Level 4.6 Spellcasting
 - Level 5.0 Necromancy
 * Level 1.9 Poison Magic
 * Level 3.9 Invocations
 - Level 2.0 Evocations


You had 12 spell levels left.
You knew the following spells:

 Your Spells              Type           Power      Damage    Failure   Level
a - Corpse Rot            Necr/Air       26%        N/A       7%          2
b - Sublimation of Blood  Necr           23%        N/A       2%          2

Your spell library contained the following spells:

 Spells                   Type           Power      Damage    Failure   Level
 Apportation              Tloc           8%         N/A       13%         1
 Poisonous Vapours        Pois/Air       16%        N/A       13%         2
 Dispel Undead            Necr           23%        3d12      17%         4
 Petrify                  Tmut/Erth      4%         N/A       78%         4
 Borgnjor's Vile Clutch   Necr/Erth      6%         N/A       78%         5
 Alistair's Intoxication  Tmut/Pois      5%         N/A       94%         5
 Death Channel            Necr           11%        N/A       95%         6
 Irradiate                Conj/Tmut      2%         3d14      98%         5
 Eringya's Noxious Bog    Tmut/Pois      4%         N/A       100%        6


Dungeon Overview and Level Annotations

Branches:
Dungeon (6/15)             Temple (0/1) D:5

Altars:
Elyvilon
Qazlal
Trog
Zin


Innate Abilities, Weirdness & Mutations

You are mostly covered in yellow scales. (AC +3)
A weak demonic guardian rushes to your aid.
You regenerate a little health from kills.
Your touch may inflict minor irresistible damage on your foes.


Message History

Your Armour skill increases to level 4!
You puncture the necrophage!
The necrophage is moderately damaged.
The adder barely misses you. The adder bites you.
The necrophage barely misses you. The yak barely misses you.
The yak closely misses you.
You hit the necrophage.
The necrophage is severely damaged.
You block the adder's attack. The necrophage hits you. The yak misses you.
The yak barely misses you.
You barely miss the necrophage.
The necrophage is severely damaged.
The adder bites you but does no damage. You block the necrophage's attack.
The yak closely misses you. The yak misses you.
You hit the necrophage.
The necrophage is almost destroyed.
The adder completely misses you.
The necrophage hits you but does no damage.
The adder barely misses you. The yak barely misses you. The yak misses you.
You hit the necrophage.
You destroy the necrophage!
Lugonu accepts your kill. The adder barely misses you.
The centaur skeleton closely misses you.
You block the centaur skeleton's attack.
The yak gores you!
* * * LOW HITPOINT WARNING * * *
The yak misses you.
r - the +10 whip of Emmuuw (weapon)
{vorpal, rF+ rCorr Stlth+} The adder completely misses you.
Okay, then.
As you read the scroll of teleportation, it crumbles to dust.
You feel strangely unstable.
You block the centaur skeleton's attack.
The centaur skeleton misses you. The yak gores you.
* * * LOW HITPOINT WARNING * * *
The yak gores you!
* * * LOW HITPOINT WARNING * * *
A demonic guardian appears!
The adder bites you.
You die...

.. #.# #.').) ####. #.#
##.#### .##.... #.#
#......
.......#######.###......
.?.........##...##.##.##
.........#.>..........#
.........##.....########
......ZY.##.##.######...
.≈≈≈..Y@###.##.#......##
.≈≈≈..S## #.###.........
.≈≈≈.5# #+# ##.#######
.≈≈≈.. #.# ..⌠... #.#
..?.. #.# #... #.# ####
#.# ###


You could see 2 yaks, an adder (ally target), a centaur skeleton and a friendly
ufetubus (summoned).

Vanquished Creatures
  A yak (D:6)
  A hornet zombie (D:5)
  2 black bears
  2 necrophages
  A centaur (D:6)
  2 phantoms (D:5)
  A bullfrog (D:6)
  A wyvern skeleton (D:6)
  3 wights (D:6)
  A howler monkey (D:4)
  A centaur skeleton (D:5)
  An orc priest (D:4)
  A hound (D:5)
  A jelly (D:5)
  2 orc wizards (D:5)
  4 adders
  6 gnolls (D:6)
  2 ufetubi
  A worm (D:5)
  A dart slug (D:4)
  16 orcs
  4 endoplasms
  A giant cockroach (D:1)
  16 goblins
  10 hobgoblins
  3 quokkas
  6 ball pythons
  3 bats
  7 frilled lizards
  16 kobolds
  2 rats (D:3)
  A bush (D:2)
120 creatures vanquished.

Vanquished Creatures (collateral kills)
  The ghost of atmmm the Insei, an amateur DsMo of Wu Jian (D:5)
  A water moccasin skeleton (D:4)
2 creatures vanquished.

Vanquished Creatures (others)
  8 plants
8 creatures vanquished.

Grand Total: 130 creatures vanquished

Notes
Turn   | Place    | Note
-------+----------+-------------------------------------------
     0 | Abyss:1  | NinjaNoafa the Demonspawn Abyssal Knight began the quest
                  | for the Orb.
     0 | Abyss:1  | Reached XP level 1. HP: 18/18 MP: 2/2
    59 | Abyss:3  | Noticed a smoke demon
    74 | Abyss:3  | Noticed a bone dragon
    75 | D:1      | Escaped the Abyss
   197 | D:1      | Reached skill level 1 in Dodging
   564 | D:1      | Gained mutation: Your touch may inflict minor irresistible
                  | damage on your foes. [demonic ancestry]
   564 | D:1      | Reached XP level 2. HP: 24/24 MP: 4/4
   572 | D:1      | Reached * piety under Lugonu
  1496 | D:2      | Found a faded altar of an unknown god.
  1587 | D:2      | Found a bloodstained altar of Trog.
  1783 | D:2      | Gained mutation: You are partially covered in yellow
                  | scales. (AC +2) [demonic ancestry]
  1783 | D:2      | Reached XP level 3. HP: 20/29 MP: 5/5
  2514 | D:3      | Reached skill level 1 in Short Blades
  2528 | D:3      | Reached skill level 1 in Stealth
  3019 | D:4      | Gained mutation: A weak demonic guardian rushes to your
                  | aid. [demonic ancestry]
  3019 | D:4      | Reached XP level 4. HP: 31/35 MP: 6/6
  3037 | D:4      | Reached skill level 1 in Necromancy
  3310 | D:4      | Noticed a necrophage
  3325 | D:4      | Killed a necrophage
  3326 | D:4      | Reached skill level 1 in Spellcasting
  3326 | D:4      | Gained mutation: You regenerate a little health from kills.
                  | [demonic ancestry]
  3326 | D:4      | Reached XP level 5. HP: 42/42 MP: 7/7
  3537 | D:4      | Reached ** piety under Lugonu
  3559 | D:4      | Reached XP level 6. HP: 31/48 MP: 9/9
  3763 | D:5      | Entered Level 5 of the Dungeon
  3772 | D:5      | Found a staircase to the Ecumenical Temple.
  3817 | D:5      | Learned a level 2 spell: Corpse Rot
  4193 | D:5      | Reached XP level 7. HP: 47/54 MP: 11/11
  4217 | D:5      | Found a runed translucent door.
  4217 | D:5      | Noticed atmmm's ghost (amateur DsMo)
  4239 | D:5      | Killed atmmm's ghost
  4240 | D:5      | Reached skill level 1 in Evocations
  5043 | D:5      | Found a stormy altar of Qazlal.
  5092 | D:6      | Identified the +10 whip of Emmuuw {vorpal, rF+ rCorr
                  | Stlth+}
  5128 | D:6      | Learned a level 2 spell: Sublimation of Blood
  5198 | D:6      | Reached skill level 1 in Maces & Flails
  5198 | D:6      | Gained mutation: You are mostly covered in yellow scales.
                  | (AC +3) [demonic ancestry]
  5198 | D:6      | Reached XP level 8. HP: 29/61 MP: 13/13
  5467 | D:6      | Reached *** piety under Lugonu
  5556 | D:6      | Reached skill level 5 in Fighting
  5556 | D:6      | Reached skill level 5 in Necromancy
  5797 | D:6      | Found the +3 Elemental Staff {rElec rF++ rC++ AC+5}
  5863 | D:6      | Identified the +4 rapier "Rubid" {vorpal, rC+ Dex+3}
  5926 | D:6      | Reached skill level 1 in Poison Magic
  6084 | D:6      | HP: 1/62 [yak (14)]
  6084 | D:6      | Slain by an adder

Illustrated notes

Levels and vault maps discovered:
D:1:      pf_arrival_petrified_forest, layout_basic
D:2:      layout_loops_ring, basic_altar,
          hellmonk_ecumenical_altar_inner_sanctum, serial_forest,
          infiniplex_forest_end_double, infiniplex_forest_zigzag_2,
          infiniplex_forest_clump_medium, infiniplex_forest_lined_room_,
          infiniplex_forest_straight_5, infiniplex_forest_lined_room_,
          infiniplex_forest_clump_diagonal, infiniplex_forest_clump_curved,
          serial_bayou_lake_a
D:3:      layout_basic
D:4:      layout_cave_pods, serial_glass, glass_columns_a, glass_columns_c,
          minmay_strange_pillars, feat_on_display, feat_on_display,
          item_on_display_b, dk_noncrumbling_3, item_on_display_a
D:5:      layout_cave_pools, mainiacjoe_overflow_surrounded_room,
          mainiacjoe_overflow_alcove_1, minmay_temple_entry_statues_pillars,
          hellmonk_ghost_happy_afterlife
D:6:      corexii_shantytown, layout_loops_ring,
          yredelemnul_forgotten_temple_becter, elyvilon_altar_3,
          serial_park_tiny_pond

Skill      XL: |  1  2  3  4  5  6  7  8 |
---------------+-------------------------+-----
Dodging        | 1 |  1.3
Armour         | 2 3 4 |  4.0
Invocations    | 3 |  3.9
Short Blades   | 1 2 |  2.7
Stealth        | 1 |  1.0
Fighting       | 4 5 |  5.0
Necromancy     | 2 3 4 5 |  5.0
Spellcasting   | 1 2 3 4 |  4.6
Evocations     | 2 |  2.0
Maces & Flails | 1 2 |  2.8
Poison Magic   | 1 |  1.9
Long Blades    | |  1.9

Action                   |  1- 3 |  4- 6 |  7- 9 || total
-------------------------+-------+-------+-------++-------
Melee: Falchion          |    16 |       |       ||    16
       Dagger            |   128 |    94 |    65 ||   287
       Touch             |    28 |    28 |    22 ||    78
       Unarmed           |     6 |       |       ||     6
       Punch             |     2 |     1 |     3 ||     6
       Whip              |       |       |    58 ||    58
       Rapier            |       |       |    15 ||    15
       Staff             |       |       |     5 ||     5
Throw: Stone             |     1 |       |       ||     1
       Dart              |       |     3 |       ||     3
 Cast: Corpse Rot        |       |     1 |     6 ||     7
Invok: Depart the Abyss  |     1 |       |       ||     1
Evoke: Wand              |       |       |     1 ||     1
  Use: Scroll            |     1 |     5 |     6 ||    12
       Potion            |       |     4 |     3 ||     7
 Stab: Sleeping          |       |     2 |     6 ||     8
       Paralysed         |       |       |     2 ||     2
       Distracted        |       |       |     1 ||     1
Armor: Leather armour    |    26 |     3 |       ||    29
       Robe              |       |    23 |    23 ||    46
       Skin              |       |       |     8 ||     8
Dodge: Dodged            |    88 |    87 |   111 ||   286
Block: Other             |    13 |    28 |    33 ||    74
       Reflection        |     3 |       |       ||     3
